 Dungeon Crawl Stone Soup version 0.23.0 (webtiles) character file.

Game seed: 7637940298605432333

1490198 NormalPerson7T the Conqueror (level 27, 129/224 HPs)
             Began as a Formicid Abyssal Knight on Feb 15, 2019.
             Was the Champion of Lugonu.
             Escaped with the Orb
             ... and 3 runes!
             The game lasted 03:31:57 (96230 turns).

NormalPerson7T the Conqueror (FoAK)                Turns: 96230, Time: 03:31:57

Health: 129/224    AC: 47    Str: 33    XL:     27
Magic:  34/35      EV: 17    Int: 22    God:    Lugonu [******]
Gold:   2436       SH: 30    Dex: 15    Spells: 26/26 levels left

rFire    + + +     SeeInvis +   J - +9 battleaxe (freeze)
rCold    + . .     Gourm    .   X - +2 large shield {rF+}
rNeg     . . .     Faith    .   x - +7 gold dragon scales {rF+ rC+ rPois}
rPois    +         Spirit   .   (helmet unavailable)
rElec    +         Reflect  +   u - +2 cloak of the Thief {+Fog Slay-2 SInv Stlth+}
rCorr    +         Harm     .   w - +2 pair of gloves
MR       ++...                  D - +2 pair of boots "Zomoeg" {*Contam Str+8 Int+6}
Stlth    ..........             R - +6 amulet of reflection
HPRegen  0.87/turn              n - ring "Ceibb" {rCorr rElec Dex+2}
MPRegen  0.24/turn              F - ring of protection from fire

@: flying
A: permanent stasis, dig shafts and tunnels, four strong arms, antennae 3, fangs
1, iridescent scales 1, agile 1, frail 1, regeneration 1, screaming 2, no potion
heal 1
0: Orb of Zot
}: 3/15 runes: decaying, serpentine, slimy
a: Dig, Shaft Self, Depart the Abyss, Bend Space, Banish, Corrupt, Enter the
Abyss, Brand Weapon With Distortion, Renounce Religion, Evoke Fog


You escaped.
You worshipped Lugonu.
Lugonu was exalted by your worship.
You were not hungry.

You visited 10 branches of the dungeon, and saw 53 of its levels.
You visited the Abyss 1 time.
You also visited: Wizlab.

You collected 6594 gold pieces.
You spent 4158 gold pieces at shops.

Inventory:

Hand Weapons
 I - the +11 quarterstaff "Suaxil" {venom, MR+++ MP-9 Int-3 Dex+4}
   (You found it on level 10 of the Dungeon)

   It poisons the flesh of those it strikes.
   It affects your intelligence (-3).
   It affects your dexterity (+4).
   It affects your resistance to hostile enchantments.
   It affects your magic capacity (-9).
 J - a +9 battleaxe of freezing (weapon)
Armour
 u - the +2 cloak of the Thief (worn) {+Fog Slay-2 SInv Stlth+}
   (You bought it in a shop on level 4 of the Depths)

   It affects your accuracy and damage with ranged weapons and melee attacks
   (-2).
   It lets you see invisible.
   It makes you more stealthy.
 w - a +2 pair of gloves (worn)
 x - +7 gold dragon scales (worn) {rF+ rC+ rPois}
 D - the +2 pair of boots "Zomoeg" (worn) {*Contam Str+8 Int+6}
   (You found it on level 5 of the Depths)

   It affects your strength (+8).
   It affects your intelligence (+6).
   It causes magical contamination when unequipped.
 X - a +2 large shield of fire resistance (worn)
Jewellery
 n - the ring "Ceibb" (left hand) {rCorr rElec Dex+2}
   (You bought it in a shop on level 4 of the Depths)

   [ring of resist corrosion]

   It affects your dexterity (+2).
   It insulates you from electricity.
 A - a +4 ring of protection
 C - an uncursed ring of protection from cold
 E - a +3 ring of evasion
 F - a ring of protection from fire (right hand)
 H - an uncursed ring of protection from cold
 M - an uncursed ring of protection from magic
 R - a +6 amulet of reflection (around neck)
 W - an uncursed ring of positive energy
Wands
 b - a wand of paralysis (11)
 d - a wand of scattershot (1)
 m - a wand of acid (1)
 G - a wand of digging (17)
 O - a wand of enslavement (26)
 Q - a wand of clouds (10)
 U - a wand of iceblast (28)
Scrolls
 f - 4 scrolls of fear
 i - 14 scrolls of identify
 o - 5 scrolls of fog
 p - 3 scrolls of noise {!r!r}
 r - 33 scrolls of remove curse
 s - a scroll of summoning {!r}
 z - 2 scrolls of immolation
 B - a scroll of magic mapping
 K - 7 scrolls of amnesia
 Z - a scroll of holy word
Potions
 a - a potion of magic
 c - 12 potions of curing
 g - 2 potions of agility
 h - 11 potions of heal wounds
 k - 10 potions of resistance
 q - 7 potions of flight
 t - 5 potions of brilliance
 S - 6 potions of lignification {!q}
 T - 4 potions of might
 V - 5 potions of ambrosia
 Y - 5 potions of invisibility
Miscellaneous
 v - a phial of floods
 y - a phantom mirror
 L - a lamp of fire
Comestibles
 e - 47 rations


   Skills:
 O Level 27 Fighting
 - Level 19.3(20.0) Axes
   Level 9.8(15.7) Polearms
 * Level 26.3 Armour
 + Level 16.0 Dodging
 - Level 15.0 Shields
 - Level 17.8 Invocations
 - Level 10.0 Evocations


You had 26 spell levels left.
You didn't know any spells.
Your spell library contained the following spells:

 Spells                   Type           Power        Failure   Level  Hunger
 Animate Skeleton         Necr           N/A          63%         1    ##.....
 Apportation              Tloc           #.....       63%         1    ##.....
 Beastly Appendage        Tmut           #.....       63%         1    ##.....
 Confusing Touch          Hex            #.....       63%         1    ##.....
 Corona                   Hex            #......      63%         1    ##.....
 Flame Tongue             Conj/Fire      #....        63%         1    ##.....
 Freeze                   Ice            #...         63%         1    ##.....
 Magic Dart               Conj           #...         63%         1    ##.....
 Pain                     Necr           #...         63%         1    ##.....
 Sting                    Conj/Pois      #...         63%         1    ##.....
 Summon Butterflies       Summ           #.......     63%         1    ##.....
 Summon Small Mammal      Summ           #...         63%         1    ##.....
 Call Imp                 Summ           #.......     77%         2    ###....
 Corpse Rot               Necr           N/A          77%         2    ###....
 Ensorcelled Hibernation  Hex/Ice        #.....       77%         2    ###....
 Passwall                 Tmut/Erth      #.......     77%         2    ###....
 Poisonous Vapours        Pois/Air       #.....       77%         2    ###....
 Searing Ray              Conj           #.....       77%         2    ###....
 Slow                     Hex            #.......     77%         2    ###....
 Sticks to Snakes         Tmut           #.......     77%         2    ###....
 Sublimation of Blood     Necr           #.........   77%         2    ###....
 Throw Flame              Conj/Fire      #.....       77%         2    ###....
 Throw Frost              Conj/Ice       #.....       77%         2    ###....
 Call Canine Familiar     Summ           #.......     94%         3    ####...
 Confuse                  Hex            #.......     94%         3    ####...
 Conjure Flame            Conj/Fire      #.......     94%         3    ####...
 Dazzling Spray           Conj/Hex       #.....       94%         3    ####...
 Gell's Gravitas          Tloc           #.........   94%         3    ####...
 Ignite Poison            Fire/Tmut/Pois #.......     94%         3    ####...
 Inner Flame              Hex/Fire       #.......     94%         3    ####...
 Mephitic Cloud           Conj/Pois/Air  #.......     94%         3    ####...
 Ozocubu's Armour         Chrm/Ice       #.......     94%         3    ####...
 Recall                   Summ/Tloc      N/A          94%         3    ####...
 Regeneration             Chrm/Necr      #.........   94%         3    ####...
 Spider Form              Tmut/Pois      #.........   94%         3    ####...
 Stone Arrow              Conj/Erth      #.....       94%         3    ####...
 Tukima's Dance           Hex            #.......     94%         3    ####...
 Animate Dead             Necr           N/A          100%        4    #####..
 Force Lance              Conj/Tloc      #.......     100%        4    #####..
 Fulminant Prism          Conj/Hex       #.........   100%        4    #####..
 Ice Form                 Ice/Tmut       #.......     100%        4    #####..
 Iskenderun's Mystic Bla  Conj           #.......     100%        4    #####..
 Leda's Liquefaction      Hex/Erth       #.........   100%        4    #####..
 Olgreb's Toxic Radiance  Pois           #.......     100%        4    #####..
 Petrify                  Tmut/Erth      #.......     100%        4    #####..
 Sticky Flame             Conj/Fire      #.......     100%        4    #####..
 Summon Ice Beast         Ice/Summ       #.......     100%        4    #####..
 Throw Icicle             Conj/Ice       #.......     100%        4    #####..
 Agony                    Necr           #.......     100%        5    ######.
 Alistair's Intoxication  Tmut/Pois      #.......     100%        5    ######.
 Aura of Abjuration       Summ           #.........   100%        5    ######.
 Blade Hands              Tmut           #.........   100%        5    ######.
 Bolt of Draining         Conj/Necr      #.........   100%        5    ######.
 Bolt of Magma            Conj/Fire/Erth #.........   100%        5    ######.
 Borgnjor's Vile Clutch   Necr/Erth      #.........   100%        5    ######.
 Fireball                 Conj/Fire      #.........   100%        5    ######.
 Irradiate                Conj/Tmut      #.........   100%        5    ######.
 Iskenderun's Battlesphe  Conj/Chrm      #.......     100%        5    ######.
 Metabolic Englaciation   Hex/Ice        #.........   100%        5    ######.
 Summon Demon             Summ           #.........   100%        5    ######.
 Summon Forest            Summ/Tloc      #.........   100%        5    ######.
 Summon Mana Viper        Hex/Summ       #.......     100%        5    ######.
 Venom Bolt               Conj/Pois      #.........   100%        5    ######.
 Yara's Violent Unravell  Hex/Tmut       #.........   100%        5    ######.
 Bolt of Cold             Conj/Ice       #.........   100%        6    #######
 Bolt of Fire             Conj/Fire      #.........   100%        6    #######
 Death Channel            Necr           #.........   100%        6    #######
 Freezing Cloud           Conj/Ice/Air   #.........   100%        6    #######
 Hydra Form               Tmut           #.........   100%        6    #######
 Iron Shot                Conj/Erth      #.........   100%        6    #######
 Ozocubu's Refrigeration  Ice            #.........   100%        6    #######
 Shadow Creatures         Summ           N/A          100%        6    #######
 Simulacrum               Ice/Necr       #.........   100%        6    #######
 Orb of Destruction       Conj           #.........   100%        7    #######
 Ring of Flames           Chrm/Fire      #.........   100%        7    #######
 Spellforged Servitor     Conj/Summ      #.........   100%        7    #######
 Summon Hydra             Summ           #.........   100%        7    #######
 Discord                  Hex            #.........   100%        8    #######
 Ignition                 Fire           #.........   100%        8    #######
 Blink                    Tloc           Unusable     N/A         2    N/A

Dungeon Overview and Level Annotations

Branches:
Dungeon (15/15)            Temple (0/1) D:5            Lair (6/6) D:8
  Swamp (4/4) Lair:4        Snake (4/4) Lair:2        Slime (5/5) Lair:5
    Orc (2/2) D:11            Elf (3/3) Orc:2        Vaults (4/5) D:14
  Crypt (0/3) Vaults:3     Depths (5/5) D:15            Zot (5/5) Depths:5

Altars:
Cheibriados
Dithmenos
Fedhas
Gozag
Hepliaklqana
Nemelex Xobeh
Okawaru
Ru
Trog
Vehumet
Xom
Zin
The Shining One
Beogh
Jiyva

Shops:
D:7 [   D:13 *   Orc:1 ?   Orc:2 }?(:   Elf:1 (   Elf:3 %   Snake:2 (
Depths:3 =([!   Depths:4 (=(?[

Portals:
Hell: Depths:1 Depths:2 Depths:3 Depths:4 Depths:5
Abyss: Depths:1 Depths:3 Depths:4
Pandemonium: Depths:3 Depths:4
Ziggurat: Depths:2
Trove: D:14 (give +2 shadow dragon scales)

Annotations:
D:1 corrupted
D:3 exclusion: downstairs
D:14 exclusion: ice statue
D:15 corrupted
Lair:4 exclusion: oklob plant
Lair:5 corrupted, exclusion: oklob plant
Lair:6 2 transporters, Nuepoake's ghost, journeyman NaTm
Snake:4 3 runed translucent doors, crawlian's ghost, adept DEFE
Slime:5 corrupted
Orc:1 1 runed translucent door, Bigaod's ghost, journeyman DsGl
Orc:2 corrupted
Elf:1 corrupted
Vaults:2 corrupted
Vaults:3 3 runed translucent doors, AgonHex's ghost, veteran HOFi
Depths:2 corrupted
Zot:4 corrupted
Zot:5 corrupted
Abyss:1 Erica; Harold; Louise; Rupert; Snorg


Innate Abilities, Weirdness & Mutations

You cannot be hasted, slowed, berserked, paralysed or teleported.
You can dig through walls and to a lower floor.
Your four strong arms can wield two-handed weapons with a shield.
You have a pair of large antennae on your head. (SInv)
You have very sharp teeth.
You are partially covered in iridescent scales. (AC +2)
You are agile. (Dex +2)
You are frail. (-10% HP)
Your natural rate of healing is unusually fast.
You sometimes yell uncontrollably at your foes.
Potions are less effective at restoring your health.


Message History

The white imp misses the Tzitzimitl.
The great orb of eyes closely misses the Tzitzimitl.
The Tzitzimitl engulfs the neqoxec.
The Tzitzimitl barely misses the neqoxec.
The white very ugly thing bites the Tzitzimitl!!
The white very ugly thing freezes the Tzitzimitl.
The Tzitzimitl resists.
The Tzitzimitl dies!
You feel very buoyant.
You fly up into the air.
The crimson imp refuses to make way for you. (Use ctrl+direction or * direction to attack.)
The crimson imp refuses to make way for you. (Use ctrl+direction or * direction to attack.) Unknown command.
The ynoxinul is no longer moving slowly.
The ufetubus hits something but does no damage. x4
The efreet hits something with a +1 scimitar of flaming!
The efreet burns something.
The neqoxec hits the plant.
There is a staircase leading out of the dungeon here.
You have escaped!

############
#...........
##########
#.##########
#≈≈≈≈≈≈.@#
#.##########
#≈≈≈≈..###
#.##..)..)..
#≈≈≈≈≈.P#
#.##.#######
#≈≈≈≈≈≈.#
#.##....####
#≈≈≈≈≈{P#
#.##.)......
#≈≈≈≈≈.##
#.##.>).....
#PP5≈≈≈.##
#.##.##.#...
#≈≈P≈≈≈≈.#
#.##.##.#...
#≈≈≈≈≈≈.P#
#.##.##.#..X


There were no monsters in sight!

Vanquished Creatures
  the Royal Jelly (Slime:5)
  6 orbs of fire
  5 ancient liches (Zot:5)
  A Killer Klown (Zot:5)
  Vashnia (Snake:4)
  3 curse toes
  10 golden dragons
  A bone dragon (Swamp:4)
  Jory (Depths:3)
  the Enchantress (Depths:1)
  24 tentacled monstrosities
  5 electric golems
  4 liches
  27 Orb Guardians
  5 quicksilver dragons
  2 deep elf master archers (Elf:3)
  3 deep elf blademasters
  19 acid blobs
  2 titans
  8 death cobs
  Agnes (D:15)
  An ancient champion (Depths:5)
  2 thorn hunters
  The ghost of Pileg the Severer, an adept FoFi of Okawaru (Elf:1)
  9 storm dragons
  4 draconian monks
  4 sphinxes
  7 shadow dragons
  3 tengu reavers
  9 nagarajas
  9 fire giants
  16 azure jellies
  11 vault wardens
  5 frost giants
  An iron dragon (Depths:4)
  13 draconian scorchers
  A ghost moth (Zot:5)
  6 draconian knights
  10 draconian shifters
  4 deep elf sorcerers
  4 deep elf elementalists
  3 spriggan defenders (Depths:1)
  10 ironheart preservers
  An entropy weaver (Vaults:1)
  7 draconian annihilators
  3 draconian stormcallers
  A ghoul (Vaults:3)
  The ghost of Ceddier the Cleaver, a journeyman FoFi of Okawaru (D:14)
  13 very ugly things
  22 stone giants
  2 vampire knights
  2 caustic shrike skeletons
  13 green draconians
  14 deep elf annihilators
  9 deep elf demonologists
  14 black draconians
  16 white draconians
  A dire elephant (Lair:6)
  5 spark wasps
  11 purple draconians
  8 yellow draconians
  7 ettins
  18 red draconians
  A blizzard demon (D:1)
  14 deep elf death magi
  6 death oozes (Slime:5)
  9 deep elf high priests
  6 jiangshi
  Erolcha (D:11)
  The ghost of inmateoo the Martial Artist, a journeyman OpTm of Cheibriados (Lair:2)
  13 fire dragons
  8 ice dragons
  The ghost of feelmyfire the Severer, a journeyman HONe of Uskayaw (Lair:1)
  8 great orbs of eyes
  A merfolk impaler (Depths:1)
  9 yaktaur captains
  13 vault guards
  3 rakshasas
  4 spriggan air magi
  A monstrous demonspawn (Depths:3)
  3 hell beasts
  A death knight (Vaults:3)
  16 hydras
  9 naga warriors
  12 centaur warriors
  2 shambling mangroves
  19 death yaks
  11 anacondas
  4 ghost crabs
  26 dancing weapons
  An alligator (shapeshifter) (Elf:3)
  10 ogre magi
  34 two-headed ogres
  14 alligators
  5 deep troll earth magi
  12 deep troll shamans
  2 vampire magi
  2 large abominations
  7 tengu warriors
  6 orc high priests
  2 spriggan berserkers (Depths:5)
  6 hell knights
  4 shock serpents
  A soul eater (Depths:4)
  Sonja (Orc:2)
  24 deep elf knights
  A sun demon (Depths:5)
  A salamander mystic (Snake:3)
  14 naga sharpshooters
  7 iron trolls
  Nergalle (Lair:1)
  12 skeletal warriors
  A storm dragon skeleton (Depths:4)
  A spark wasp zombie (Depths:4)
  A golden dragon zombie (Depths:3)
  A sea snake (shapeshifter) (Depths:3)
  2 flayed ghosts
  A small abomination (Vaults:4)
  13 deep elf archers
  2 glowing orange brains
  12 naga ritualists
  24 deep trolls
  5 unseen horrors
  8 swamp dragons
  2 wizards
  2 spectral hydras (Swamp:4)
  A swamp dragon (shapeshifter) (Depths:1)
  3 phantasmal warriors
  3 spriggan druids
  3 harpies (Vaults:3)
  8 necromancers
  18 ironbrand convokers
  A wolf spider zombie (D:15)
  24 orc knights
  An orb spider (shapeshifter) (Vaults:3)
  59 deep elf magi
  16 mana vipers
  42 ugly things
  4 orc sorcerers
  6 shining eyes
  A fire giant zombie (Depths:3)
  A moth of wrath (shapeshifter) (Vaults:4)
  5 wolf spiders
  9 salamanders
  25 moths of wrath
  3 tengu skeletons (Vaults:3)
  5 cyclopes
  3 manticores (D:14)
  A sphinx skeleton (Depths:4)
  16 elephants
  6 guardian serpents
  A rust devil (Depths:5)
  25 black mambas
  A guardian serpent (shapeshifter) (Depths:1)
  A black mamba (shapeshifter) (Vaults:3)
  Maurice (D:13)
  14 naga magi
  9 vault sentinels
  3 torpor snails (Lair:6)
  16 spiny frogs
  A smoke demon (Depths:3)
  A spiny frog (shapeshifter) (Depths:3)
  2 fire giant skeletons
  2 gargoyles
  A human zombie (Vaults:3)
  2 kobold demonologists (Swamp:2)
  30 yaktaurs
  A yaktaur zombie (Vaults:3)
  A hellion (Depths:5)
  A redback zombie (D:15)
  9 komodo dragons
  7 rime drakes
  A tormentor (Depths:4)
  An efreet (D:14)
  2 freezing wraiths
  2 ice devils
  3 swamp worm zombies (Swamp:4)
  8 human skeletons (Vaults:3)
  8 trolls
  A yaktaur skeleton (Vaults:3)
  4 hydra zombies (Swamp:4)
  3 meliai (D:14)
  A tengu conjurer (Depths:2)
  12 tyrant leeches
  2 polar bears
  2 meliai (shapeshifter)
  Grinder (D:3)
  A hippogriff (shapeshifter) (Vaults:1)
  A shadow dragon simulacrum (Depths:1)
  Prince Ribbit (Lair:1)
  21 hornets
  A tengu simulacrum (Depths:5)
  A blink frog (shapeshifter) (Depths:3)
  A meliai zombie (D:15)
  2 sphinx simulacra
  13 blink frogs
  8 hippogriffs
  91 slime creatures
  4 spectral swamp dragons (Swamp:4)
  9 bog bodies
  4 dream sheep (Lair:6)
  An ettin zombie (Vaults:3)
  5 alligator zombies (Swamp:4)
  5 shadows
  3 air elementals
  A fire dragon skeleton (Depths:1)
  2 wraiths
  Sigmund (D:3)
  16 spriggans
  25 water elementals
  A redback (Vaults:1)
  A vampire (D:13)
  A wyvern (D:15)
  A ynoxinul (Depths:4)
  3 fire elementals
  4 hogs
  61 yaks
  A human (D:7)
  A chaos spawn (Depths:3)
  An elf simulacrum (Depths:4)
  2 golden eyes (shapeshifter)
  4 basilisks
  2 steam dragons
  9 golden eyes
  A basilisk (shapeshifter) (D:15)
  24 vampire mosquitoes
  A hungry ghost (D:11)
  3 neqoxecs
  13 swamp worms
  A soldier ant (shapeshifter) (Vaults:2)
  A soldier ant (D:11)
  52 nagas
  9 wargs
  3 hell hounds (D:10)
  23 insubstantial wisps
  15 water moccasins
  2 deep troll skeletons (Vaults:3)
  8 porcupines
  9 swamp drakes
  70 orc warriors
  11 ice beasts
  4 sky beasts
  3 necrophages
  3 swamp dragon zombies (Swamp:4)
  2 black bears
  2 eyes of draining
  A black mamba simulacrum (Lair:1)
  10 phantoms
  3 wolves (Lair:5)
  20 ogres
  12 boggarts
  18 centaurs
  18 crocodiles
  Blork the orc (D:5)
  2 big kobolds (shapeshifter)
  6 big kobolds
  19 bullfrogs
  A bullfrog (shapeshifter) (Depths:3)
  2 elf zombies (Elf:1)
  2 earth elementals (Elf:2)
  A spiny frog simulacrum (Lair:1)
  A wyvern skeleton (D:7)
  4 scorpions
  A water moccasin skeleton (D:11)
  A human simulacrum (Vaults:3)
  8 killer bees
  20 wights
  5 howler monkeys
  An electric eel (Snake:3)
  9 crimson imps
  A komodo dragon simulacrum (Lair:1)
  A bullfrog zombie (D:12)
  2 centaur zombies
  A water moccasin simulacrum (Lair:1)
  4 bullfrog skeletons
  A jelly (D:10)
  46 orc priests
  7 hounds
  7 centaur skeletons
  Ijyb (D:2)
  Terence (D:3)
  3 iguanas (D:10)
  19 worker ants
  25 orc wizards
  A spectral swamp drake (Swamp:4)
  A lightning spire (Zot:4)
  2 hound zombies
  A porcupine simulacrum (Lair:1)
  2 hound skeletons
  2 worker ant zombies
  Robin (D:1)
  3 gnolls
  A swamp drake zombie (Swamp:4)
  18 adders
  A crocodile simulacrum (Lair:1)
  A shadow imp (D:6)
  An ooze (D:4)
  3 adder skeletons
  A worm (D:2)
  A dart slug (D:1)
  6 leopard geckos
  150 orcs
  4 giant cockroaches
  8 hobgoblins
  10 jackals
  5 quokkas
  6 ball pythons
  10 bats
  3 frilled lizards
  16 goblins
  A jackal zombie (D:9)
  17 kobolds
  A leopard gecko skeleton (D:4)
  2 quokka skeletons
  2 quokka zombies
  5 rats
  A crawling corpse (Vaults:4)
  5 fungi
  9 plants
2474 creatures vanquished.

Vanquished Creatures (others)
  An ancient lich (Zot:5)
  A Killer Klown (Zot:5)
  Saint Roka (Vaults:2)
  3 golden dragons
  A tentacled monstrosity (Zot:4)
  2 Tzitzimimeh
  An Orb Guardian (Zot:5)
  A quicksilver dragon (Zot:4)
  Asterion (Vaults:2)
  A death cob (Zot:4)
  5 acid blobs (Slime:5)
  2 storm dragons
  Donald (Elf:1)
  2 azure jellies (Slime:5)
  3 draconian monks (Zot:4)
  A vault warden (Vaults:3)
  A deep elf sorcerer (Depths:2)
  A draconian scorcher (Zot:4)
  2 draconian annihilators
  A draconian stormcaller (Zot:1)
  An entropy weaver (shapeshifter) (Vaults:3)
  2 stone giants
  A vampire knight (Depths:2)
  3 dire elephants (Lair:6)
  4 green draconians (Zot:4)
  A black draconian (Zot:4)
  A purple draconian (Zot:4)
  A white draconian (Zot:4)
  A yellow draconian (Zot:4)
  2 ettins
  3 death oozes (Slime:5)
  An ice dragon (Depths:2)
  A yaktaur captain (Depths:4)
  A great orb of eyes (Slime:5)
  A naga warrior (Snake:4)
  2 hydras
  2 death yaks
  A two-headed ogre (D:11)
  An anaconda (Snake:3)
  A shock serpent (Snake:4)
  A tengu warrior (D:9)
  An orc high priest (Orc:2)
  A soul eater (D:15)
  3 deep elf knights (Elf:1)
  2 orc knights (Orc:2)
  2 orc sorcerers
  6 deep elf archers
  A salamander (Snake:3)
  2 deep elf magi (Elf:1)
  3 ugly things
  2 black mambas
  2 moths of wrath (Zot:4)
  4 vault sentinels
  A naga mage (Snake:3)
  3 spiny frogs (Lair:5)
  A freezing wraith (D:9)
  9 yaktaurs
  A troll (Vaults:2)
  A hornet (Swamp:4)
  15 slime creatures (Slime:5)
  A spriggan (Swamp:4)
  An air elemental (Elf:1)
  A yak (Lair:5)
  2 nagas
  3 orc warriors
  An eye of draining (Slime:5)
  A wolf (Lair:5)
  A centaur (Depths:1)
  An orc priest (Orc:2)
  An orc wizard (Vaults:3)
  5 orcs
  2 briar patches (Swamp:2)
  13 fungi
  20 plants
  10 starspawn tentacles
187 creatures vanquished.

Grand Total: 2661 creatures vanquished

Notes
Turn   | Place    | Note
-------+----------+-------------------------------------------
     0 | Abyss:1  | NormalPerson7T the Formicid Abyssal Knight began the quest
                  | for the Orb.
     0 | Abyss:1  | Reached XP level 1. HP: 18/18 MP: 2/2
     7 | D:1      | Escaped the Abyss
   337 | D:1      | Reached XP level 2. HP: 24/24 MP: 3/3
  1136 | D:1      | Reached XP level 3. HP: 24/29 MP: 4/4
  1547 | D:2      | Found a glowing silver altar of Zin.
  1550 | D:2      | Noticed an angel
  1553 | D:2      | Noticed Robin
  1594 | D:2      | Found a sacrificial altar of Ru.
  1850 | D:1      | Killed Robin
  1884 | D:1      | Reached ** piety under Lugonu
  1963 | D:1      | Reached XP level 4. HP: 37/37 MP: 5/5
  2189 | D:2      | Found a faded altar of an unknown god.
  2214 | D:2      | Found a shimmering altar of Xom.
  2369 | D:2      | Reached skill level 4 in Fighting
  2771 | D:1      | Reached XP level 5. HP: 28/42 MP: 7/7
  3197 | D:2      | Found a sacrificial altar of Ru.
  3315 | D:2      | Found a faded altar of an unknown god.
  3322 | D:2      | Found a shimmering altar of Xom.
  3322 | D:2      | Found a glowing silver altar of Zin.
  3750 | D:3      | Noticed Grinder
  3903 | D:3      | Noticed Ijyb
  4218 | D:3      | Noticed Sigmund
  4574 | D:2      | Killed Ijyb
  4808 | D:4      | Noticed an ogre
  4900 | D:3      | Noticed Terence
  4939 | D:3      | Killed Terence
  4939 | D:3      | Reached XP level 6. HP: 21/49 MP: 8/8
  6582 | D:4      | Reached skill level 5 in Polearms
  6582 | D:4      | Reached XP level 7. HP: 38/55 MP: 10/10
  6765 | D:4      | Found an opulent altar of Gozag.
  7538 | D:5      | Entered Level 5 of the Dungeon
  7801 | D:5      | Reached *** piety under Lugonu
  7963 | D:5      | Reached skill level 5 in Fighting
  8766 | D:5      | Found a staircase to the Ecumenical Temple.
  9068 | D:6      | Noticed Blork the orc
  9222 | D:5      | Reached skill level 5 in Invocations
  9222 | D:5      | Reached XP level 8. HP: 48/62 MP: 11/11
  9313 | D:5      | Killed Blork the orc
  9751 | D:6      | Found the +2 robe of Vines {NoPotionHeal Regen+7}
 10129 | D:7      | Noticed a hippogriff
 10155 | D:7      | Killed a hippogriff
 10155 | D:7      | Reached skill level 6 in Fighting
 10155 | D:7      | Reached XP level 9. HP: 41/69 MP: 14/14
 10543 | D:7      | Found Myennolu's Antique Armour Shop.
 10551 | D:7      | Bought a shield for 126 gold pieces
 10826 | D:7      | Noticed Harold
 10827 | D:7      | Banished Harold
 10827 | D:7      | Reached skill level 5 in Armour
 10827 | D:7      | Reached skill level 1 in Shields
 11223 | D:7      | Noticed a purple ugly thing
 11225 | D:7      | Banished a purple ugly thing
 11333 | D:7      | Noticed a hippogriff
 11353 | D:7      | Killed a hippogriff
 11779 | D:6      | Reached XP level 10. HP: 76/77 MP: 16/16
 11858 | D:7      | Found a bloodstained altar of Trog.
 11893 | D:7      | Reached skill level 7 in Fighting
 12582 | D:8      | Found a staircase to the Lair.
 12582 | D:8      | Noticed a death yak
 12582 | D:8      | Noticed a death yak
 12582 | D:8      | Noticed a death yak
 12583 | D:8      | Noticed a death yak
 12772 | D:8      | Reached **** piety under Lugonu
 13169 | D:8      | Found a blossoming altar of Fedhas.
 13178 | D:8      | Noticed a death yak
 14732 | D:9      | Noticed a tengu warrior
 15038 | D:8      | Banished a death yak
 15074 | D:8      | Noticed a death yak
 15136 | D:7      | Killed a death yak
 15136 | D:7      | Reached skill level 8 in Fighting
 15136 | D:7      | Reached skill level 5 in Shields
 15136 | D:7      | Reached skill level 10 in Invocations
 15136 | D:7      | Reached XP level 11. HP: 61/86 MP: 18/18
 15360 | D:9      | Killed a tengu warrior
 15653 | D:9      | Reached skill level 1 in Axes
 15788 | D:9      | Noticed a tengu warrior
 15966 | D:7      | Killed a death yak
 16213 | D:8      | Found a sparkling altar of Nemelex Xobeh.
 16905 | D:7      | Killed a death yak
 17662 | D:9      | Noticed a tengu warrior
 17695 | D:9      | Killed a tengu warrior
 17695 | D:9      | Reached skill level 9 in Fighting
 17962 | D:9      | Banished a tengu warrior
 18225 | D:9      | Identified Qehixka's Catalogue of Freezing Venom
 18557 | D:9      | Noticed an unseen horror
 18585 | D:9      | Killed an unseen horror
 18585 | D:9      | Reached skill level 5 in Axes
 18731 | D:9      | Reached XP level 12. HP: 95/95 MP: 19/19
 18760 | D:9      | Identified the cursed +1 plate armour of Uskayaw's
                  | Benevolence {rPois SInv}
 18783 | D:9      | Identified the amulet of Miyxouva {Acrobat *Slow +Inv rN+}
 19160 | D:9      | Found an iron altar of Okawaru.
 19389 | D:10     | Entered Level 10 of the Dungeon
 19458 | D:10     | Got a bloodstained quarterstaff
 19644 | D:10     | Noticed Erica
 19650 | D:10     | Banished Erica
 19822 | D:10     | Noticed a two-headed ogre
 19831 | D:10     | Killed a two-headed ogre
 20384 | D:10     | Reached skill level 10 in Fighting
 20405 | D:11     | Noticed Erolcha
 20859 | D:11     | Killed Erolcha
 21136 | D:11     | Found a staircase to the Orcish Mines.
 21442 | D:11     | Reached XP level 13. HP: 102/104 MP: 20/20
 22051 | D:11     | Reached skill level 11 in Fighting
 22157 | D:11     | Reached skill level 10 in Axes
 22745 | Lair:1   | Entered Level 1 of the Lair of Beasts
 22745 | Lair:1   | Noticed Prince Ribbit
 22820 | Lair:1   | Killed Prince Ribbit
 23003 | Lair:1   | Noticed Nergalle
 23012 | Lair:1   | Killed Nergalle
 23023 | Lair:1   | Found a runed translucent gate.
 23023 | Lair:1   | Found a runed translucent gate.
 23023 | Lair:1   | Found a runed translucent gate.
 23092 | Lair:1   | Noticed feelmyfire's ghost (journeyman HONe)
 23103 | Lair:1   | Noticed a six-headed hydra
 23123 | Lair:1   | Killed a six-headed hydra
 24067 | Lair:2   | Found a staircase to the Snake Pit.
 24451 | Lair:2   | Reached skill level 12 in Fighting
 24608 | Lair:2   | Reached ***** piety under Lugonu
 25158 | Lair:2   | Found a large runed translucent door.
 25159 | Lair:2   | Found a large runed translucent door.
 25213 | Lair:2   | Noticed inmateoo's ghost (journeyman OpTm)
 25230 | Lair:2   | Killed inmateoo's ghost
 26235 | Lair:2   | Reached XP level 14. HP: 97/116 MP: 21/21
 26579 | Lair:3   | Identified the Handbook of Sinister Arcane Weapons
 27701 | Lair:4   | Found a staircase to the Swamp.
 27833 | Lair:3   | Reached skill level 13 in Fighting
 29482 | Lair:5   | Noticed Rupert
 29486 | Lair:5   | Banished Rupert
 29552 | Lair:5   | Found a staircase to the Slime Pits.
 29554 | Lair:5   | Found a viscous altar of Jiyva.
 29897 | Lair:5   | Reached XP level 15. HP: 112/125 MP: 22/22
 30395 | Lair:6   | Entered Level 6 of the Lair of Beasts
 30449 | Lair:6   | Noticed Nuepoake's ghost (journeyman NaTm)
 30551 | Lair:5   | Corrupted Lair:5
 30553 | Lair:5   | Noticed a lich
 31083 | Lair:6   | Reached skill level 14 in Fighting
 31335 | Lair:5   | Reached skill level 15 in Axes
 31777 | Lair:6   | Found a transporter.
 31780 | Lair:6   | Found a transporter.
 32283 | Lair:6   | Found a snail-covered altar of Cheibriados.
 33435 | Lair:6   | Found a transporter.
 34203 | Orc:1    | Entered Level 1 of the Orcish Mines
 34799 | Orc:1    | Found a runed translucent door.
 34800 | Orc:1    | Found a shimmering altar of Xom.
 34800 | Orc:1    | Noticed Bigaod's ghost (journeyman DsGl)
 34921 | Orc:1    | Found Saenois's Magic Scroll Boutique.
 34929 | Orc:1    | Bought a scroll of identify for 30 gold pieces
 34929 | Orc:1    | Bought a scroll of identify for 30 gold pieces
 34932 | Orc:1    | Bought a scroll of identify for 30 gold pieces
 35070 | Orc:2    | Entered Level 2 of the Orcish Mines
 35070 | Orc:2    | Noticed Snorg
 35070 | Orc:2    | Noticed a stone giant
 35225 | Orc:2    | Banished a stone giant
 35335 | Orc:2    | Banished Snorg
 35620 | Orc:2    | Noticed Sonja
 35629 | Orc:2    | Killed Sonja
 36084 | Orc:2    | Found a staircase to the Elven Halls.
 36357 | Orc:2    | Corrupted Orc:2
 36361 | Orc:2    | Reached XP level 16. HP: 80/134 MP: 12/23
 37024 | Orc:2    | Reached skill level 15 in Fighting
 37870 | Orc:2    | Found Sitzot's Gadget Shop.
 37873 | Orc:2    | Found Xeg Bemi's Antique Weapon Shop.
 37874 | Orc:2    | Found Birer's Book Shop.
 37875 | Orc:2    | Found Vezxebil's Magic Scroll Boutique.
 37881 | Orc:2    | Bought a scroll of brand weapon for 360 gold pieces
 37883 | Orc:2    | Bought a wand of enslavement (12) for 238 gold pieces
 37883 | Orc:2    | Bought a wand of acid (8) for 408 gold pieces
 37885 | Orc:2    | Bought a scroll of brand weapon for 360 gold pieces
 38098 | Snake:1  | Entered Level 1 of the Snake Pit
 38486 | D:12     | Reached skill level 1 in Evocations
 39621 | D:13     | Noticed Maurice
 39628 | D:13     | Killed Maurice
 39946 | D:13     | Found Archits's Demolitions Depot.
 40648 | D:14     | Found a shadowy altar of Dithmenos.
 40958 | D:14     | Found a portal to a secret trove of treasure.
 41622 | D:14     | Found a gate to the Vaults.
 41804 | D:14     | Found a runed translucent door.
 41808 | D:14     | Noticed Ceddier's ghost (journeyman FoFi)
 41839 | D:14     | Killed Ceddier's ghost
 41923 | D:15     | Entered Level 15 of the Dungeon
 42157 | D:15     | Reached XP level 17. HP: 130/143 MP: 24/24
 42401 | D:15     | Reached skill level 10 in Armour
 42536 | D:15     | Identified the +11 quarterstaff "Suaxil" {venom, MR+++ MP-9
                  | Int-3 Dex+4} (You found it on level 10 of the Dungeon)
 42570 | D:15     | Reached skill level 5 in Evocations
 42791 | D:15     | Noticed Agnes
 42812 | D:15     | Killed Agnes
 43091 | D:15     | Reached skill level 16 in Fighting
 43222 | D:15     | Found a staircase to the Depths.
 43742 | Snake:1  | Reached skill level 1 in Dodging
 45224 | Snake:2  | Reached ****** piety under Lugonu
 45577 | Snake:2  | Found Dairuack's Weapon Emporium.
 46320 | Snake:3  | Reached XP level 18. HP: 71/153 MP: 20/25
 47473 | Snake:4  | Entered Level 4 of the Snake Pit
 47494 | Snake:4  | Noticed crawlian's ghost (adept DEFE)
 47497 | Snake:4  | Found a runed translucent gate.
 47497 | Snake:4  | Found a runed translucent gate.
 47745 | Snake:4  | Found a runed translucent gate.
 48272 | Snake:4  | Noticed Vashnia
 48284 | Snake:4  | Killed Vashnia
 48294 | Snake:4  | Reached skill level 17 in Fighting
 48803 | Snake:4  | Reached skill level 10 in Shields
 48996 | Snake:4  | Reached XP level 19. HP: 87/161 MP: 27/27
 50052 | Snake:4  | Got a serpentine rune of Zot
 50217 | Swamp:1  | Entered Level 1 of the Swamp
 52621 | Swamp:3  | Reached skill level 18 in Fighting
 53081 | Swamp:3  | Reached XP level 20. HP: 163/170 MP: 29/29
 53478 | Swamp:4  | Entered Level 4 of the Swamp
 55177 | Swamp:4  | Noticed a bone dragon
 55321 | Swamp:4  | Killed a bone dragon
 55474 | Swamp:4  | Got a decaying rune of Zot
 55705 | Lair:1   | Killed feelmyfire's ghost
 55819 | Lair:1   | Got the ring of Scepticism {Fire}
 55820 | Lair:1   | Identified the ring of Scepticism {Fire Str+7 SInv} (You
                  | found it on level 1 of the Lair of Beasts)
 55941 | D:7      | Bought a glowing plate armour for 728 gold pieces
 56095 | D:3      | Killed Sigmund
 56171 | D:3      | Killed Grinder
 56483 | Elf:1    | Entered Level 1 of the Elven Halls
 56794 | Elf:1    | Identified the +1 shield "Xitweluu" {MR++ rCorr Dex-5 SInv}
 56794 | Elf:1    | Noticed Donald
 56815 | Elf:1    | Corrupted Elf:1
 56819 | Elf:1    | Killed Donald
 56819 | Elf:1    | Reached skill level 15 in Shields
 56821 | Elf:1    | Found Foakha's Antique Weapon Shoppe.
 57185 | Elf:1    | Found a runed translucent door.
 57186 | Elf:1    | Noticed Pileg's ghost (adept FoFi)
 57213 | Elf:1    | Killed Pileg's ghost
 57421 | Elf:1    | Identified the Almanac of Unholy Secrets
 57661 | Elf:1    | Found a radiant altar of Vehumet.
 58703 | Elf:2    | Reached skill level 19 in Fighting
 59046 | Elf:2    | Found a runed translucent gate.
 59046 | Elf:2    | Found a runed translucent gate.
 59053 | Elf:2    | Found a runed translucent gate.
 59117 | Elf:2    | Reached XP level 21. HP: 180/180 MP: 31/31
 60447 | Vaults:1 | Entered Level 1 of the Vaults
 61064 | Vaults:1 | Reached skill level 20 in Fighting
 62144 | Vaults:2 | Reached skill level 5 in Dodging
 62539 | Vaults:2 | Found a roughly hewn altar of Beogh.
 62614 | Vaults:2 | Noticed Saint Roka
 62629 | Vaults:2 | Noticed Asterion
 62645 | Vaults:2 | Corrupted Vaults:2
 62650 | Vaults:2 | Killed Saint Roka
 62651 | Vaults:2 | Killed Asterion
 63028 | Vaults:2 | Reached XP level 22. HP: 187/192 MP: 32/32
 64268 | Vaults:3 | Reached skill level 15 in Armour
 64588 | Vaults:3 | Found a runed translucent gate.
 64589 | Vaults:3 | Found a runed translucent gate.
 64589 | Vaults:3 | Found a runed translucent gate.
 64589 | Vaults:3 | Noticed AgonHex's ghost (veteran HOFi)
 64736 | Vaults:3 | Reached skill level 21 in Fighting
 65387 | Vaults:3 | Found a staircase to the Crypt.
 65856 | Vaults:3 | Reached XP level 23. HP: 201/201 MP: 33/33
 65868 | Vaults:3 | You are sucked into a shaft!
 67604 | Vaults:4 | Reached skill level 22 in Fighting
 68418 | Depths:1 | Entered Level 1 of the Depths
 69355 | Depths:1 | Found a one-way gate to the infinite horrors of the Abyss.
 70215 | Depths:1 | Found a gateway to Hell.
 70246 | Depths:1 | Identified the +1 faerie dragon scales {MR++ rCorr Str+5
                  | Int-2}
 70246 | Depths:1 | Noticed the Enchantress
 70271 | Depths:1 | Killed the Enchantress
 70576 | Depths:1 | Found a glowing silver altar of Zin.
 70578 | Depths:1 | Found a shimmering altar of Xom.
 70578 | Depths:1 | Found a hazy altar of Hepliaklqana.
 70580 | Depths:1 | Found an iron altar of Okawaru.
 70580 | Depths:1 | Found a glowing golden altar of the Shining One.
 70580 | Depths:1 | Found a shimmering altar of Xom.
 70804 | Depths:2 | Found a gateway to a ziggurat.
 70932 | Depths:2 | Reached XP level 24. HP: 212/212 MP: 33/33
 71107 | Depths:2 | Found a magical portal.
 71181 | WizLab   | Entered Doroklohe's Tomb
 71631 | Depths:2 | Corrupted Depths:2
 72002 | Depths:2 | Killed a golden dragon
 72318 | Depths:2 | Noticed a golden dragon
 72337 | Depths:2 | Killed a golden dragon
 72774 | Depths:2 | Identified a scroll of acquirement
 73104 | Depths:3 | Noticed Jory
 73191 | Depths:3 | Found Ilokac's Antique Armour Shop.
 73550 | Depths:3 | Killed Jory
 73629 | Depths:3 | Found Vizeapho's Jewellery Boutique.
 73703 | Depths:3 | Reached skill level 23 in Fighting
 73949 | Depths:3 | Found Irof's Antique Weapon Boutique.
 74448 | Depths:3 | Reached XP level 25. HP: 180/221 MP: 33/33
 74715 | Depths:3 | Reached skill level 10 in Dodging
 74991 | Depths:3 | Noticed Louise
 75022 | Depths:3 | Banished Louise
 75585 | Depths:3 | Found a one-way gate leading to the halls of Pandemonium.
 75736 | Depths:3 | Found Erey's Distillery.
 75744 | Depths:3 | Bought a potion of heal wounds for 105 gold pieces
 75744 | Depths:3 | Bought a potion of might for 84 gold pieces
 75744 | Depths:3 | Bought a potion of mutation for 168 gold pieces
 75744 | Depths:3 | Bought a potion of resistance for 210 gold pieces
 75744 | Depths:3 | Bought a potion of heal wounds for 105 gold pieces
 75962 | Depths:4 | Found Xarul's Weapon Shoppe.
 76130 | Depths:4 | Found Gipsa's Antique Armour Shoppe.
 76139 | Depths:4 | Bought the +2 cloak of the Thief {+Fog Slay-2 SInv Stlth+}
                  | for 422 gold pieces
 76139 | Depths:4 | Found the +2 cloak of the Thief {+Fog Slay-2 SInv Stlth+}
 76331 | Depths:4 | Gained mutation: You are dopey. (Int -2) [a neqoxec]
 76502 | Depths:4 | Found Gymenout's Jewellery Shop.
 76511 | Depths:4 | Found Vonaesm Taeg's Weapon Boutique.
 76521 | Depths:4 | Found Sesooruu's Magic Scroll Emporium.
 76526 | Depths:4 | Bought a scroll of enchant armour for 105 gold pieces
 77194 | Depths:5 | Entered Level 5 of the Depths
 78569 | Depths:5 | Reached XP level 26. HP: 231/231 MP: 34/34
 78619 | Depths:5 | Reached skill level 24 in Fighting
 78856 | Depths:5 | Identified the +2 pair of boots "Zomoeg" {*Contam Str+8
                  | Int+6} (You found it on level 5 of the Depths)
 79185 | Elf:3    | Entered Level 3 of the Elven Halls
 79239 | Elf:3    | Identified the +7 mace of the Pit {crush, rElec rPois Str+3
                  | Int+4}
 79412 | Elf:3    | Found Keita's Food Boutique.
 80032 | Elf:3    | Reached skill level 15 in Invocations
 80092 | Elf:3    | Reached skill level 10 in Evocations
 80300 | Elf:3    | Identified the +2 war axe of Wounding {flame, rF+ Int+2
                  | Dex+4}
 80567 | Elf:3    | Identified the ring "Jaal" {Ice rPois rN+++ MR-}
 80568 | Elf:3    | Identified the +5 ring mail "Qones" {Slay+2}
 81083 | Elf:3    | Identified Gejimu's Tome of Ghastly Clay
 81514 | Depths:4 | Bought the ring "Ceibb" {rCorr rElec Dex+2} for 649 gold
                  | pieces
 82157 | Depths:5 | Found a gate to the Realm of Zot.
 82775 | Slime:1  | Entered Level 1 of the Pits of Slime
 82793 | Slime:1  | Gained mutation: You are weak. (Str -2) [a shining eye]
 82858 | Slime:1  | Gained mutation: You are clumsy. (Dex -2) [a shining eye]
 82860 | Slime:1  | Gained mutation: You are frail. (-10% HP) [a shining eye]
 82862 | Slime:1  | Lost mutation: You are frail. (-10% HP) [potion of
                  | mutation]
 82862 | Slime:1  | Lost mutation: You are weak. (Str -2) [potion of mutation]
 82862 | Slime:1  | Lost mutation: You are clumsy. (Dex -2) [potion of
                  | mutation]
 82862 | Slime:1  | Lost mutation: You are dopey. (Int -2) [potion of mutation]
 82862 | Slime:1  | Gained mutation: You are robust. (+10% HP) [potion of
                  | mutation]
 82862 | Slime:1  | Gained mutation: Potions are less effective at restoring
                  | your health. [potion of mutation]
 82862 | Slime:1  | Lost mutation: You are robust. (+10% HP) [potion of
                  | mutation]
 82862 | Slime:1  | Gained mutation: You are resistant to electric shocks.
                  | (rElec) [potion of mutation]
 82923 | Slime:2  | Gained mutation: You are dopey. (Int -2) [a shining eye]
 83119 | Slime:5  | Entered Level 5 of the Pits of Slime
 83130 | Slime:5  | Reached XP level 27. HP: 240/240 MP: 34/34
 83135 | Slime:5  | Gained mutation: Your spells are a little harder to cast,
                  | but a little more powerful. [a shining eye]
 83386 | Slime:5  | Gained mutation: Your body sometimes deteriorates upon
                  | taking damage. [a shining eye]
 83391 | Slime:5  | Noticed the Royal Jelly
 83393 | Slime:5  | Found a viscous altar of Jiyva.
 83395 | Slime:5  | Corrupted Slime:5
 83928 | Slime:5  | Killed the Royal Jelly
 83970 | Slime:5  | Got a slimy rune of Zot
 84014 | Slime:5  | Identified the Grimoire of Frigorific Enchantment
 84798 | Zot:1    | Entered Level 1 of the Realm of Zot
 84820 | Zot:1    | Reached skill level 25 in Fighting
 88278 | Zot:3    | Noticed an orb of fire
 88286 | Zot:3    | Gained mutation: You are very dopey. (Int -4) [an orb of
                  | fire]
 88292 | Zot:3    | Gained mutation: Your flesh is heat resistant. (rF+) [an
                  | orb of fire]
 88303 | Zot:3    | Lost mutation: Your body sometimes deteriorates upon taking
                  | damage. [an orb of fire]
 88305 | Zot:3    | Gained mutation: Scrolls take you a little longer to read.
                  | [an orb of fire]
 88314 | Zot:3    | Killed an orb of fire
 88340 | Zot:3    | Reached skill level 26 in Fighting
 88853 | Zot:3    | You fall through a shaft!
 88887 | Zot:4    | Corrupted Zot:4
 91568 | Zot:5    | Entered Level 5 of the Realm of Zot
 91571 | Zot:5    | Lost mutation: Your spells are a little harder to cast, but
                  | a little more powerful. [potion of mutation]
 91571 | Zot:5    | Gained mutation: You are weak. (Str -2) [potion of
                  | mutation]
 91571 | Zot:5    | Gained mutation: You are very weak. (Str -4) [potion of
                  | mutation]
 91571 | Zot:5    | Gained mutation: You are robust. (+10% HP) [potion of
                  | mutation]
 91571 | Zot:5    | Gained mutation: Your natural rate of healing is unusually
                  | fast. [potion of mutation]
 91572 | Zot:5    | Lost mutation: You are robust. (+10% HP) [potion of
                  | mutation]
 91572 | Zot:5    | Lost mutation: You are very dopey. (Int -4) [potion of
                  | mutation]
 91572 | Zot:5    | Lost mutation: You are resistant to electric shocks.
                  | (rElec) [potion of mutation]
 91572 | Zot:5    | Lost mutation: Scrolls take you a little longer to read.
                  | [potion of mutation]
 91572 | Zot:5    | Gained mutation: You are partially covered in yellow
                  | scales. (AC +2) [potion of mutation]
 92303 | Zot:4    | Reached skill level 27 in Fighting
 92707 | Zot:5    | Noticed an ancient lich
 92735 | Zot:5    | Killed an ancient lich
 92889 | Zot:5    | Noticed an ancient lich
 92904 | Zot:5    | Killed an ancient lich
 92921 | Zot:5    | Noticed an ancient lich
 92972 | Zot:5    | Killed an ancient lich
 93188 | Zot:5    | Noticed an orb of fire
 93204 | Zot:5    | Gained mutation: You are very dopey. (Int -4) [an orb of
                  | fire]
 93210 | Zot:5    | Killed an orb of fire
 93280 | Zot:5    | Noticed an orb of fire
 93323 | Zot:5    | Gained mutation: Your magical capacity is low. (-10% MP)
                  | [an orb of fire]
 93331 | Zot:5    | Noticed a Killer Klown
 93337 | Zot:5    | Killed an orb of fire
 93354 | Zot:5    | Killed a Killer Klown
 93615 | Zot:5    | Reached skill level 15 in Dodging
 93931 | Zot:5    | Noticed an orb of fire
 93942 | Zot:5    | Gained mutation: Potions are poor at restoring your health.
                  | [an orb of fire]
 93947 | Zot:5    | Killed an orb of fire
 93988 | Zot:5    | Lost mutation: You are very dopey. (Int -4) [potion of
                  | mutation]
 93988 | Zot:5    | Lost mutation: Your flesh is heat resistant. (rF+) [potion
                  | of mutation]
 93988 | Zot:5    | Lost mutation: You are very weak. (Str -4) [potion of
                  | mutation]
 93988 | Zot:5    | Gained mutation: Scrolls take you a little longer to read.
                  | [potion of mutation]
 93988 | Zot:5    | Lost mutation: You are dopey. (Int -2) [potion of mutation]
 93989 | Zot:5    | Lost mutation: Your magical capacity is low. (-10% MP)
                  | [potion of mutation]
 93989 | Zot:5    | Lost mutation: You are weak. (Str -2) [potion of mutation]
 93989 | Zot:5    | Lost mutation: You are partially covered in yellow scales.
                  | (AC +2) [potion of mutation]
 93989 | Zot:5    | Gained mutation: You are agile. (Dex +2) [potion of
                  | mutation]
 93989 | Zot:5    | Gained mutation: You have large cloven feet. [potion of
                  | mutation]
 93990 | Zot:5    | Lost mutation: You are agile. (Dex +2) [potion of mutation]
 93990 | Zot:5    | Lost mutation: You have large cloven feet. [potion of
                  | mutation]
 93990 | Zot:5    | Gained mutation: Your flesh is cold resistant. (rC+)
                  | [potion of mutation]
 93991 | Zot:5    | Lost mutation: Scrolls take you a little longer to read.
                  | [potion of mutation]
 93991 | Zot:5    | Lost mutation: Potions are poor at restoring your health.
                  | [potion of mutation]
 93991 | Zot:5    | Gained mutation: You are frail. (-10% HP) [potion of
                  | mutation]
 93991 | Zot:5    | Gained mutation: You have large cloven feet. [potion of
                  | mutation]
 93991 | Zot:5    | Gained mutation: You have very sharp teeth. [potion of
                  | mutation]
 94277 | Zot:5    | Noticed an ancient lich
 94291 | Zot:5    | Killed an ancient lich
 94356 | Zot:5    | Noticed an orb of fire
 94362 | Zot:5    | Gained mutation: Your muscles are strong. (Str +2) [an orb
                  | of fire]
 94370 | Zot:5    | Gained mutation: You occasionally shout uncontrollably at
                  | your foes. [an orb of fire]
 94380 | Zot:5    | Killed an orb of fire
 94499 | Zot:5    | Noticed an orb of fire
 94501 | Zot:5    | Gained mutation: You are dopey. (Int -2) [an orb of fire]
 94512 | Zot:5    | Gained mutation: Scrolls take you a little longer to read.
                  | [an orb of fire]
 94513 | Zot:5    | Noticed an ancient lich
 94518 | Zot:5    | Noticed a Killer Klown
 94520 | Zot:5    | Noticed an ancient lich
 94523 | Zot:5    | Corrupted Zot:5
 94524 | Zot:5    | Gained mutation: You are very frail. (-20% HP) [an orb of
                  | fire]
 94532 | Zot:5    | Killed an ancient lich
 94536 | Zot:5    | Killed a Killer Klown
 94537 | Zot:5    | Killed an ancient lich
 94540 | Zot:5    | Killed an orb of fire
 95494 | Zot:5    | Lost mutation: You have large cloven feet. [potion of
                  | mutation]
 95494 | Zot:5    | Lost mutation: You are very frail. (-20% HP) [potion of
                  | mutation]
 95494 | Zot:5    | Lost mutation: Your flesh is cold resistant. (rC+) [potion
                  | of mutation]
 95494 | Zot:5    | Lost mutation: Scrolls take you a little longer to read.
                  | [potion of mutation]
 95494 | Zot:5    | Lost mutation: You are dopey. (Int -2) [potion of mutation]
 95494 | Zot:5    | Gained mutation: You sometimes yell uncontrollably at your
                  | foes. [potion of mutation]
 95494 | Zot:5    | Gained mutation: You evolve. [potion of mutation]
 95494 | Zot:5    | Gained mutation: You are partially covered in iridescent
                  | scales. (AC +2) [potion of mutation]
 95495 | Zot:5    | Lost mutation: You evolve. [potion of mutation]
 95495 | Zot:5    | Lost mutation: Your muscles are strong. (Str +2) [potion of
                  | mutation]
 95495 | Zot:5    | Gained mutation: You are agile. (Dex +2) [potion of
                  | mutation]
 95524 | Zot:5    | Got the Orb of Zot
 95846 | D:15     | Corrupted D:15
 96203 | D:1      | Corrupted D:1
 96230 | D:$      | Escaped with the Orb!

Skill      XL: |  1  2  3  4  5  6  7  8  9 10 11 12 13 14 15 16 17 18 19 20 21 22 23 24 25 26 27 |
---------------+----------------------------------------------------------------------------------+-----
Polearms       | 3 4 5 6 8 9 |  9.8
Fighting       | 4 5 6 8 9 10 12 13 14 15 16 17 18 19 20 21 22 23 24 27 | 27.0
Invocations    | 3 4 5 6 8 10 11 13 14 15 17 | 17.8
Armour         | 3 4 5 6 7 8 9 10 12 14 16 17 18 19 20 26 | 26.3
Shields        | 3 5 7 9 10 13 15 | 15.0
Axes           | 5 9 12 14 16 17 18 19 | 19.3
Evocations     | 4 5 7 9 10 | 10.0
Dodging        | 3 4 5 7 8 9 10 11 16 | 16.0

Action                   |  1- 3 |  4- 6 |  7- 9 | 10-12 | 13-15 | 16-18 | 19-21 | 22-24 | 25-27 || total
-------------------------+-------+-------+-------+-------+-------+-------+-------+-------+-------++-------
Melee: Spear             |   109 |   322 |   610 |   744 |       |       |       |       |       ||  1785
       Battleaxe         |       |       |       |   532 |  1164 |  1399 |  1622 |  1424 |  2523 ||  8664
       Trident           |       |       |       |       |    32 |       |       |       |       ||    32
       Bite              |       |       |       |       |       |       |       |       |    34 ||    34
Throw: Throwing net      |       |       |       |       |       |       |       |       |     2 ||     2
Invok: Bend Space        |       |     4 |       |       |     7 |     1 |     2 |     4 |     1 ||    19
       Banish            |       |       |     2 |    12 |    26 |     9 |     4 |     3 |     2 ||    58
       Corrupt           |       |       |       |       |     2 |       |     2 |     1 |     5 ||    10
 Abil: Dig               |       |       |     3 |     1 |     2 |     3 |     1 |       |    14 ||    24
       Stop Flying       |       |       |       |       |       |       |       |     1 |       ||     1
       Evoke Fog         |       |       |       |       |       |       |       |       |    26 ||    26
       Shaft Self        |       |       |       |       |       |       |       |       |     1 ||     1
Evoke: Wand              |       |       |       |    10 |    12 |     5 |     4 |    10 |     2 ||    43
       Phial of floods   |       |       |       |       |       |       |       |     1 |       ||     1
       Phantom mirror    |       |       |       |       |       |       |       |     1 |       ||     1
  Use: Scroll            |     1 |     6 |     9 |     2 |    11 |    12 |     7 |    12 |    15 ||    75
       Potion            |       |     1 |       |       |     2 |     1 |     1 |     4 |    19 ||    28
 Stab: Sleeping          |       |     1 |       |       |       |       |       |       |       ||     1
       Paralysed         |       |       |       |     3 |       |       |       |       |       ||     3
       Confused          |       |       |       |       |     2 |       |       |       |       ||     2
       Distracted        |       |       |       |       |       |     1 |       |       |     1 ||     2
       Held in net/web   |       |       |       |       |       |       |       |       |     1 ||     1
  Eat: Chunk             |     3 |    11 |    15 |    15 |    40 |    29 |    34 |    25 |    33 ||   205
       Ration            |       |     1 |     1 |     6 |     6 |     5 |     4 |     4 |    16 ||    43
Armor: Leather armour    |    29 |    33 |       |       |       |       |       |       |       ||    62
       Scale mail        |       |    40 |    18 |       |       |       |       |       |       ||    58
       Crystal plate arm |       |       |   342 |   586 |       |       |       |       |       ||   928
       Plate armour      |       |       |       |   128 |   438 |   380 |   490 |   214 |       ||  1650
       Gold dragon scale |       |       |       |       |       |       |       |   109 |   826 ||   935
Dodge: Dodged            |    60 |   107 |    43 |   144 |   340 |   425 |   434 |   191 |   474 ||  2218
Block: Shield            |       |       |    56 |   581 |   632 |   607 |       |       |       ||  1876
       Large shield      |       |       |       |       |       |    79 |  1205 |  1237 |  2444 ||  4965
       Reflection        |       |       |       |       |       |       |       |   119 |    66 ||   185
